EVO
WASHINGTON STATE UNIVERSITY COUGARS @ WICHITA STATE UNIVERSITY SHOCKERS
08/03/2048
 
TOP OF THE 1ST
Washington State University Cougars batting - Pitching for Wichita State University Shockers : RHP Elias Aguilar
Pitching: RHP Elias Aguilar
Batting: LHB David Jackson 0-0: Ball
1-0: Ball
2-0: Fly out, F7 (Line Drive, 78S, EV 94.4 MPH)
Batting: RHB Mas Langat 0-0: Foul Ball, location: 2F
0-1: Swinging Strike
0-2: Foul Ball, location: 2F
0-2: Foul Ball, location: 2F
0-2: Strikes out looking
Batting: LHB Scott Spillers 0-0: Swinging Strike
0-1: Called Strike
0-2: Strikes out swinging
Top of the 1st over - 0 runs, 0 hits, 0 errors, 0 left on base; Washington State University 0 - Wichita State University 0
BOTTOM OF THE 1ST
Wichita State University Shockers batting - Pitching for Washington State University Cougars : RHP D.J. Sletten
Pitching: RHP D.J. Sletten
Batting: RHB Kyle Gill 0-0: Ball
1-0: Fly out, F9 (Flyball, 89M, EV 89.4 MPH)
Batting: RHB Byron Whitehead 0-0: Ball
1-0: Called Strike
1-1: SINGLE (Flyball, 5D, EV 81.9 MPH)
Batting: LHB Carlos Flores 0-0: Called Strike
0-1: Swinging Strike
0-2: Ball
1-2: Foul Ball, location: 2F
1-2: Ball
2-2: Ball
3-2: Fly out, F7 (Line Drive, 7LM, EV 103.8 MPH)
Batting: RHB Jason Adelstein 0-0: Ground out 4-3 (Groundball, 34, EV 103.8 MPH)
Bottom of the 1st over - 0 runs, 1 hit, 0 errors, 1 left on base; Washington State University 0 - Wichita State University 0
TOP OF THE 2ND
Washington State University Cougars batting - Pitching for Wichita State University Shockers : RHP Elias Aguilar
Batting: SHB Juan Delanoval 0-0: Ball
1-0: Ball
2-0: Ball
3-0: Base on Balls
Batting: RHB Wil Gonzales 0-0: Swinging Strike
0-1: Fly out, F9 (Flyball, 89M, EV 78.1 MPH)
Batting: RHB Miguel Paredes 0-0: Foul Ball, location: 2F
0-1: Ball
1-1: Called Strike
1-2: SINGLE (Groundball, 34S, EV 67.5 MPH) (infield hit)
Juan Delanoval to second
Batting: RHB Joe Weber 0-0: Fielders Choice at 2nd, 4-6 (Groundball, 4M, EV 104.4 MPH)
Juan Delanoval to third
Batting: LHB Jose Aceves 0-0: Ball
1-0: Fly out, F8 (Flyball, 8LS, EV 85.0 MPH)
Top of the 2nd over - 0 runs, 1 hit, 0 errors, 2 left on base; Washington State University 0 - Wichita State University 0
BOTTOM OF THE 2ND
Wichita State University Shockers batting - Pitching for Washington State University Cougars : RHP D.J. Sletten
Batting: LHB Kyle Lee 0-0: Ball
1-0: Ball
2-0: SINGLE (Groundball, 4D, EV 93.8 MPH)
Batting: RHB Jordan Carr 0-0: Ball
1-0: Called Strike
1-1: SINGLE (Groundball, 34D, EV 106.9 MPH)
Kyle Lee to second
Runner from 2nd tries for 3rd, SAFE, no throw by RF
Batting: SHB Peter Faggard 0-0: Swinging Strike
0-1: Ball
1-1: Ball
2-1: Called Strike
2-2: Ball
3-2: Fielders Choice at 2nd, 5-4 (Groundball, 56S, EV 88.1 MPH)
Kyle Lee scores
Batting: RHB Larry Hogue 0-0: Called Strike
0-1: Foul Ball, location: 2F
0-2: Foul Ball, location: 2F
0-2: Fly out, F8 (Flyball, 8RD, EV 95.0 MPH)
Batting: RHB Chad Starnes 0-0: Ball
1-0: Ball
2-0: Called Strike
2-1: Called Strike
Peter Faggard steals 2nd base
2-2: Fly out, F7 (Flyball, 7, EV 86.9 MPH)
Bottom of the 2nd over - 1 run, 2 hits, 0 errors, 1 left on base; Washington State University 0 - Wichita State University 1
TOP OF THE 3RD
Washington State University Cougars batting - Pitching for Wichita State University Shockers : RHP Elias Aguilar
Batting: RHB Manny Serrano 0-0: Ball
1-0: Reached on error, E7 (Flyball, 7, EV 86.2 MPH)
Batting: LHB David Jackson 0-0: Foul Ball, location: 2F
0-1: DOUBLE (Line Drive, 7LS, EV 96.2 MPH)
Manny Serrano to third
Batting: RHB Mas Langat 0-0: Ball
1-0: DOUBLE (Line Drive, 89XD, EV 106.2 MPH)
Manny Serrano scores
David Jackson scores
Batting: LHB Scott Spillers 0-0: Called Strike
0-1: Called Strike
0-2: Foul Ball, location: 2F
0-2: Ball
1-2: DOUBLE (Line Drive, 78D, EV 98.1 MPH)
Mas Langat scores
Batting: SHB Juan Delanoval 0-0: Ball
Wild Pitch!
Scott Spillers to third
1-0: Ball
2-0: DOUBLE (Flyball, 78D, EV 106.9 MPH)
Scott Spillers scores
Batting: RHB Wil Gonzales 0-0: Called Strike
0-1: Ball
1-1: Ball
2-1: Foul Ball, location: 2F
2-2: Foul Ball, location: 2F
2-2: Foul Ball, location: 2F
2-2: Ground out 6-3 (Groundball, 6, EV 85.6 MPH)
Batting: RHB Miguel Paredes 0-0: Ball
1-0: Ball
2-0: Called Strike
2-1: Foul Ball, location: 2F
2-2: Fly out, F7 (Flyball, 7S, EV 93.1 MPH)
Batting: RHB Joe Weber 0-0: Ball
1-0: Called Strike
1-1: Ball
2-1: Swinging Strike
2-2: Strikes out swinging
Top of the 3rd over - 4 runs, 4 hits, 1 error, 1 left on base; Washington State University 4 - Wichita State University 1
BOTTOM OF THE 3RD
Wichita State University Shockers batting - Pitching for Washington State University Cougars : RHP D.J. Sletten
Batting: RHB Kyle Gill 0-0: Ball
1-0: Ball
2-0: Foul Ball, location: 2F
2-1: Ground out 4-3 (Groundball, 4, EV 99.4 MPH)
Batting: RHB Byron Whitehead 0-0: Ball
1-0: Foul Ball, location: 2F
1-1: Ball
2-1: Fly out, F8 (Flyball, 8RM, EV 88.8 MPH)
Batting: LHB Carlos Flores 0-0: Called Strike
0-1: Foul Ball, location: 2F
0-2: Foul Ball, location: 2F
0-2: Ball
1-2: Strikes out swinging
Bottom of the 3rd over - 0 runs, 0 hits, 0 errors, 0 left on base; Washington State University 4 - Wichita State University 1
TOP OF THE 4TH
Washington State University Cougars batting - Pitching for Wichita State University Shockers : RHP Elias Aguilar
Batting: LHB Jose Aceves 0-0: Called Strike
0-1: Swinging Strike
0-2: Ball
1-2: Ball
2-2: Ball
3-2: Foul Ball, location: 2F
3-2: Base on Balls
Batting: RHB Manny Serrano 0-0: Foul Ball, location: 2F
0-1: Called Strike
0-2: SINGLE (Line Drive, 7S, EV 101.9 MPH)
Jose Aceves to second
Batting: LHB David Jackson 0-0: Ball
1-0: Ball
Jose Aceves steals 3rd base
2-0: Called Strike
2-1: Ball
Wild Pitch!
Jose Aceves scores
Manny Serrano to second
3-1: Called Strike
3-2: Ground out U3 (Groundball, 34, EV 80.6 MPH)
Manny Serrano to third
Pitching: RHP Steve Mattes
Pinch Hitting: LHB Rex Creswell 0-0: Fly out, F8 (Flyball, 8LD, EV 86.2 MPH)
Runner from 3rd tags up, SCORES, throw by CF
Batting: LHB Scott Spillers 0-0: DOUBLE (Line Drive, 9LM, EV 88.1 MPH)
Batting: SHB Juan Delanoval 0-0: Foul Ball, location: 2F
0-1: Fly out, F9 (Flyball, 9LSF, EV 91.2 MPH)
Top of the 4th over - 2 runs, 2 hits, 0 errors, 1 left on base; Washington State University 6 - Wichita State University 1
BOTTOM OF THE 4TH
Wichita State University Shockers batting - Pitching for Washington State University Cougars : RHP D.J. Sletten
Now at SS: Ryan Toth
Batting: RHB Jason Adelstein 0-0: Ball
1-0: Ball
2-0: Ground out 5-3 (Groundball, 56, EV 85.6 MPH)
Batting: LHB Kyle Lee 0-0: Foul Ball, location: 2F
0-1: Foul Ball, location: 2F
0-2: Strikes out looking
Batting: RHB Jordan Carr 0-0: Ball
1-0: Foul Ball, location: 2F
1-1: Ball
2-1: Foul Ball, location: 2F
2-2: Fly out, F7 (Flyball, 7S, EV 92.5 MPH)
Bottom of the 4th over - 0 runs, 0 hits, 0 errors, 0 left on base; Washington State University 6 - Wichita State University 1
TOP OF THE 5TH
Washington State University Cougars batting - Pitching for Wichita State University Shockers : RHP Steve Mattes
Now in LF: Rick McGrath
Pinch Hitting: RHB Ramiro Castillo 0-0: Fly out, F6 (Line Drive, 6, EV 64.4 MPH)
Batting: RHB Rafael Collyer 0-0: Called Strike
0-1: Ball
1-1: Ball
2-1: Foul Ball, location: 2F
2-2: Foul Ball, location: 2F
2-2: Ball
3-2: Base on Balls
Batting: RHB Joe Weber 0-0: Ball
1-0: Foul Ball, location: 2F
1-1: Called Strike
Rafael Collyer steals 2nd, throwing error, E2
Rafael Collyer to third
1-2: Strikes out swinging
Batting: LHB Jose Aceves 0-0: Swinging Strike
0-1: Foul Ball, location: 2F
0-2: Ball
1-2: Ball
Wild Pitch!
Rafael Collyer scores
2-2: Foul Ball, location: 2F
2-2: Fly out, F7 (Line Drive, 7, EV 101.9 MPH)
Top of the 5th over - 1 run, 0 hits, 1 error, 0 left on base; Washington State University 7 - Wichita State University 1
BOTTOM OF THE 5TH
Wichita State University Shockers batting - Pitching for Washington State University Cougars : RHP D.J. Sletten
Pitching: RHP Jose Conejo
Now at 3B: Ramiro Castillo
Now in RF: Willy Berrios
Batting: SHB Peter Faggard 0-0: Called Strike
0-1: Swinging Strike
0-2: Ball
1-2: DOUBLE (Line Drive, 7LS, EV 101.9 MPH)
Batting: RHB Larry Hogue 0-0: Called Strike
0-1: Foul Ball, location: 2F
0-2: Fly out, F8 (Flyball, 8LM, EV 77.5 MPH)
Batting: RHB Chad Starnes 0-0: 2-RUN HOME RUN (Flyball, 78XD, EV 91.9 MPH) (Inside the Park)
Batting: RHB Kyle Gill 0-0: Ball
1-0: Ball
2-0: Foul Ball, location: 2F
2-1: Ball
3-1: Swinging Strike
3-2: Strikes out swinging
Pinch Hitting: RHB Alex Zeledon 0-0: Called Strike
0-1: Swinging Strike
0-2: Foul Ball, location: 2F
0-2: Ball
1-2: Strikes out swinging
Bottom of the 5th over - 2 runs, 2 hits, 0 errors, 0 left on base; Washington State University 7 - Wichita State University 3
TOP OF THE 6TH
Washington State University Cougars batting - Pitching for Wichita State University Shockers : RHP Steve Mattes
Now at 2B: Alex Zeledon
Pinch Hitting: LHB Israel Ariza 0-0: Ball
1-0: Ball
2-0: Ball
3-0: Base on Balls
Pitching: LHP Éric Duval
Batting: LHB David Jackson 0-0: Ball
1-0: Ball
2-0: Called Strike
2-1: Foul Ball, location: 2F
2-2: SINGLE (Line Drive, 9S, EV 92.5 MPH)
Israel Ariza to second
Batting: RHB Ryan Toth 0-0: Called Strike
0-1: Called Strike
0-2: Strikes out looking
Batting: LHB Willy Berrios 0-0: Foul Ball, location: 2F
0-1: Ball
1-1: Ball
2-1: Ball
3-1: Base on Balls
Israel Ariza to third
David Jackson to second
Batting: SHB Juan Delanoval 0-0: Ball
1-0: Called Strike
1-1: Ball
2-1: Swinging Strike
2-2: Foul Ball, location: 2F
2-2: Ball
3-2: Fly out, F7 (Flyball, 7, EV 87.5 MPH)
Runner from 3rd tags up, OUT at HOME! 7-2
Top of the 6th over - 0 runs, 1 hit, 0 errors, 2 left on base; Washington State University 7 - Wichita State University 3
BOTTOM OF THE 6TH
Wichita State University Shockers batting - Pitching for Washington State University Cougars : RHP Jose Conejo
Pitching: RHP Randolph Batten
Now at C: Dave DeLaMater
Now at 1B: Ron Essink
Batting: LHB Carlos Flores 0-0: Swinging Strike
0-1: Swinging Strike
0-2: Foul Ball, location: 2F
0-2: Strikes out swinging
Pinch Hitting: LHB Troy Davies 0-0: Ball
1-0: Ball
2-0: Ball
3-0: Called Strike
3-1: Swinging Strike
3-2: Foul Ball, location: 2F
3-2: SINGLE (Line Drive, 8RS, EV 88.1 MPH)
Batting: RHB Jeff Grant 0-0: Ball
1-0: Called Strike
1-1: Ball
2-1: Swinging Strike
2-2: Strikes out swinging
Pitching: RHP Joaquin Adame
Batting: RHB Jordan Carr 0-0: Ball
1-0: Ball
2-0: Ground out 4-3 (Groundball, 4, EV 83.1 MPH)
Bottom of the 6th over - 0 runs, 1 hit, 0 errors, 1 left on base; Washington State University 7 - Wichita State University 3
TOP OF THE 7TH
Washington State University Cougars batting - Pitching for Wichita State University Shockers : LHP Éric Duval
Pitching: LHP Ernesto Ruiz
Now at C: Mike Chafe
Now in LF: Troy Davies
Batting: RHB Ramiro Castillo 0-0: Called Strike
0-1: Ball
1-1: Swinging Strike
1-2: Strikes out swinging
Batting: RHB Rafael Collyer 0-0: Fly out, F3 (Popup, 3F, EV 68.8 MPH)
Batting: RHB Ron Essink 0-0: Swinging Strike
0-1: Ball
1-1: Ball
2-1: Ball
3-1: Base on Balls
Batting: LHB Jose Aceves 0-0: Ball
1-0: Ball
Ron Essink is caught stealing 2nd base 2-6
Top of the 7th over - 0 runs, 0 hits, 0 errors, 0 left on base; Washington State University 7 - Wichita State University 3
BOTTOM OF THE 7TH
Wichita State University Shockers batting - Pitching for Washington State University Cougars : RHP Joaquin Adame
Pitching: RHP Jim Burbidge
Batting: SHB Peter Faggard 0-0: Ball
1-0: Ball
2-0: Swinging Strike
2-1: Fly out, F7 (Flyball, 7, EV 91.2 MPH)
Batting: SHB Mike Chafe 0-0: Called Strike
0-1: Ball
1-1: Foul Ball, location: 2F
1-2: Strikes out swinging
Batting: RHB Chad Starnes 0-0: Called Strike
0-1: Ground out 4-3 (Groundball, 4M, EV 86.9 MPH)
Bottom of the 7th over - 0 runs, 0 hits, 0 errors, 0 left on base; Washington State University 7 - Wichita State University 3
TOP OF THE 8TH
Washington State University Cougars batting - Pitching for Wichita State University Shockers : LHP Ernesto Ruiz
Pitching: LHP Greg Burton
Batting: LHB Jose Aceves 0-0: Swinging Strike
0-1: Ball
1-1: Fly out, F7 (Flyball, 78S, EV 82.5 MPH)
Batting: RHB Dave DeLaMater 0-0: Ball
1-0: Ball
2-0: Ball
3-0: Called Strike
3-1: Foul Ball, location: 2F
3-2: Base on Balls
Batting: LHB David Jackson 0-0: Ball
Passed Ball!
Dave DeLaMater to second
1-0: Ball
2-0: Foul Ball, location: 2F
2-1: Ball
3-1: Swinging Strike
3-2: Fly out, F8 (Flyball, 8LM, EV 81.9 MPH)
Pitching: LHP John Schroeder
Batting: RHB Ryan Toth 0-0: Called Strike
0-1: Fly out, F9 (Flyball, 9D, EV 100.6 MPH)
Top of the 8th over - 0 runs, 0 hits, 0 errors, 1 left on base; Washington State University 7 - Wichita State University 3
BOTTOM OF THE 8TH
Wichita State University Shockers batting - Pitching for Washington State University Cougars : RHP Jim Burbidge
Batting: RHB Kyle Gill 0-0: Swinging Strike
0-1: Ball
1-1: Ball
2-1: Ball
3-1: Swinging Strike
3-2: Strikes out swinging
Batting: RHB Alex Zeledon 0-0: Ball
1-0: Ball
2-0: Ball
3-0: Called Strike
3-1: Fly out, F8 (Line Drive, 8LD, EV 89.4 MPH)
Batting: LHB Carlos Flores 0-0: Called Strike
0-1: Ball
1-1: Called Strike
1-2: Ball
2-2: Foul Ball, location: 2F
2-2: Ball
3-2: Foul Ball, location: 2F
3-2: Foul Ball, location: 2F
3-2: Ground out 6-3 (Groundball, 6, EV 86.9 MPH)
Bottom of the 8th over - 0 runs, 0 hits, 0 errors, 0 left on base; Washington State University 7 - Wichita State University 3
TOP OF THE 9TH
Washington State University Cougars batting - Pitching for Wichita State University Shockers : LHP John Schroeder
Pitching: LHP Rusty Estes
Batting: LHB Willy Berrios 0-0: Ball
1-0: Foul Ball, location: 2F
1-1: Ball
2-1: Foul Ball, location: 2F
2-2: Ground out 6-3 (Groundball, 6S, EV 76.9 MPH)
Batting: SHB Juan Delanoval 0-0: Called Strike
0-1: SINGLE (Groundball, 6MD, EV 101.2 MPH)
Batting: RHB Ramiro Castillo 0-0: Swinging Strike
0-1: Ground out 5-3 (Groundball, 56S, EV 64.4 MPH)
Juan Delanoval to second
Batting: RHB Wambua Ewansiha 0-0: Called Strike
0-1: Fly out, F7 (Line Drive, 78M, EV 107.5 MPH)
Top of the 9th over - 0 runs, 1 hit, 0 errors, 1 left on base; Washington State University 7 - Wichita State University 3
BOTTOM OF THE 9TH
Wichita State University Shockers batting - Pitching for Washington State University Cougars : RHP Jim Burbidge
Pitching: LHP Scott Bradley
Batting: LHB Troy Davies 0-0: Ball
1-0: Foul Ball, location: 2F
1-1: Swinging Strike
1-2: Fly out, F5 (Popup, 5SF, EV 71.2 MPH)
Batting: RHB Jeff Grant 0-0: Foul Ball, location: 2F
0-1: Foul Ball, location: 2F
0-2: Ball
1-2: Ball
2-2: Foul Ball, location: 2F
2-2: Fly out, F9 (Flyball, 89D, EV 98.8 MPH)
Pinch Hitting: RHB Lucio Baratta 0-0: Called Strike
0-1: Ball
1-1: Ball
2-1: Foul Ball, location: 2F
2-2: Ball
3-2: Base on Balls
Batting: SHB Peter Faggard 0-0: Fly out, F9 (Flyball, 89S, EV 88.1 MPH)
Bottom of the 9th over - 0 runs, 0 hits, 0 errors, 1 left on base; Washington State University 7 - Wichita State University 3
Tuesday, March 28th , 2023 - OOTP Baseball 23.10 Build 110